 Dungeon Crawl Stone Soup version 0.27-a0-13-g87abb2d9eb (webtiles) character file.

Game seed: 13807812934510022834

280308 teolandon225 the Executioner (level 19, -3/192 HPs)
             Began as a Minotaur Berserker on Jan 2, 2021.
             Was a High Priest of Trog.
             Killed from afar by a hellion (22 damage)
             ... with damnation
             ... summoned by a deep elf demonologist
             ... on level 3 of the Elven Halls.
             The game lasted 02:07:57 (39624 turns).

teolandon225 the Executioner (Minotaur Berserker)  Turns: 39624, Time: 02:07:57

Health: -3/192     AC: 17    Str: 37    XL:     19   Next: 68%
Magic:  18/18      EV: 31    Int:  4    God:    Trog [*****.]
Gold:   2275       SH:  0    Dex: 25    Spells: 18/18 levels left

rFire    . . .     SeeInvis .   a - +8 battleaxe of a ziggurat {vorpal, +Fly rElec Dex+4}
rCold    + . .     Faith    +   (shield currently unavailable)
rNeg     . . .     Spirit   .   K - +2 ring mail "Ipneok" {Str+2 Dex+3 Slay+3}
rPois    .         Reflect  .   M - +2 hat {Will+}
rElec    +         Harm     .   m - scarf {shadows}
rCorr    .         Rampage  .   x - +0 pair of gloves
Will     ++++.                  u - +1 pair of boots "Sauploax" {Str+4}
Stlth    +++.......             Q - amulet of faith
HPRegen  1.42/turn              w - ring of Fuen {rC+ Str+3 Dex+6}
MPRegen  0.16/turn              P - +4 ring of slaying

@: silence (expiring), regenerating, hasted, studying 2 skills, very quick
A: retaliatory headbutt, horns 2
}: 2/15 runes: serpentine, barnacled
a: Renounce Religion, Evoke Flight


You were on level 3 of the Elven Halls.
You worshipped Trog.
Trog was extremely pleased with you.
You visited 6 branches of the dungeon, and saw 34 of its levels.
You also visited: Bailey.

You collected 5284 gold pieces.
You spent 3009 gold pieces at shops.

Inventory:

Hand Weapons
 a - the +8 battleaxe of a ziggurat (weapon) {vorpal, +Fly rElec Dex+4}
   (You took it off an orc warrior on level 9 of the Dungeon)

   It inflicts extra damage upon your enemies.
   It affects your dexterity (+4).
   It insulates you from electricity.
   It lets you fly.
 b - the +12 broad axe of Winter {flame, Int+4 Dex+5}
   (Trog gifted it to you on level 9 of the Dungeon)

   It has been specially enchanted to burn those struck by it, causing extra
   injury to most foes and up to half again as much damage against particularly
   susceptible opponents.
   Big, fiery blades are also staple armaments of hydra-hunters.
   It affects your intelligence (+4).
   It affects your dexterity (+5).
 f - a +9 battleaxe
 t - a +3 antimagic battleaxe
 O - a +3 executioner's axe of electrocution
Armour
 m - a scarf of shadows (worn)
 u - the +1 pair of boots "Sauploax" (worn) {Str+4}
   (You found it on level 7 of the Dungeon)

   It affects your strength (+4).
 x - a +0 pair of gloves (worn)
 K - the +2 ring mail "Ipneok" (worn) {Str+2 Dex+3 Slay+3}
   (You found it on level 9 of the Dungeon)

   It affects your strength (+2).
   It affects your dexterity (+3).
   It affects your accuracy and damage with ranged weapons and melee attacks
   (+3).
 L - the +0 buckler "Rollufuigi" {Str+2}
   (You bought it in a shop on level 6 of the Dungeon)

   It affects your strength (+2).
 M - a +2 hat of willpower (worn)
 W - the +0 cloak "Sucsit" {rPois Int+4}
   (You found it on level 12 of the Dungeon)

   It affects your intelligence (+4).
   It protects you from poison.
 X - a +3 chain mail of fire resistance
Jewellery
 e - an uncursed ring of protection from cold
 k - an uncursed ring of stealth
 w - the ring of Fuen (left hand) {rC+ Str+3 Dex+6}
   (You found it on level 4 of the Lair of Beasts)

   [ring of dexterity]

   It affects your strength (+3).
   It affects your dexterity (+6).
   It protects you from cold.
 A - an uncursed ring of positive energy
 I - an uncursed amulet of guardian spirit
 P - a +4 ring of slaying (right hand)
 Q - an amulet of faith (around neck)
Wands
 c - a wand of flame (93)
 h - a wand of disintegration (15)
 i - a wand of acid (11)
 q - a wand of digging (18)
 D - a wand of enslavement (9)
 G - a wand of random effects (53)
 J - a wand of iceblast (28)
 S - a wand of polymorph (37)
Scrolls
 g - 10 scrolls of enchant weapon
 j - 5 scrolls of fog
 l - 19 scrolls of remove curse
 n - 16 scrolls of teleportation
 y - 5 scrolls of fear
 z - 10 scrolls of enchant armour
 R - 5 scrolls of magic mapping
 V - a scroll of identify
Potions
 d - 2 potions of might
 o - 7 potions of lignification
 p - 4 potions of magic
 r - 5 potions of flight
 s - 2 potions of cancellation
 v - 7 potions of curing
 H - 2 potions of resistance
 T - 8 potions of ambrosia
 Y - 5 potions of haste
Books
 B - a manual of Dodging
 N - a manual of Stealth


   Skills:
 + Level 22.3 Fighting
 * Level 23.2 Axes
 + Level 17.4 Armour
 * Level 18.4 Dodging
 * Level 9.6 Stealth
 - Level 4.0 Shields


You had 18 spell levels left.
You didn't know any spells.
Your spell library was empty.

Dungeon Overview and Level Annotations

Branches:
Dungeon (15/15)            Temple (0/1) D:7            Lair (6/6) D:10
 Shoals (4/4) Lair:3        Snake (4/4) Lair:3        Slime (0/5) Lair:6
    Orc (2/2) D:11            Elf (3/3) Orc:2        Vaults (0/5) D:14
 Depths (0/5) D:15         Bailey (visited)

Altars:
Ashenzari
Cheibriados
Dithmenos
Fedhas
Okawaru
Ru
Sif Muna
Trog
Vehumet
Wu Jian
Xom
Beogh

Shops:
D:6 [   D:10 =   D:15 (   Orc:2 *:?*   Shoals:3 :   Snake:1 =}}   Snake:2 :
Snake:3 [*

Annotations:
D:4 exclusion: downstairs
Lair:1 exclusion: oklob plant
Shoals:2 exclusion: downstairs, Roxanne
Elf:2 2 runed translucent doors


Innate Abilities, Weirdness & Mutations

You reflexively headbutt those who attack you in melee.
You have a pair of horns on your head.


Message History

Your ogre's corpse disappears in a puff of smoke!
The hellion gestures at you.
The sphere of damnation explodes!
The damnation engulfs you!!
* * * LOW HITPOINT WARNING * * *
The deep elf mage mumbles some strange words.
The deep elf mage blinks!
The hellion gestures at you.
The sphere of damnation explodes!
The damnation engulfs you!!
* * * LOW HITPOINT WARNING * * *
You feel better. The balrug gestures at you. The bolt of fire misses you.
You feel yourself speed up. The balrug gestures at you.
The fireball explodes!
The fireball engulfs you!!
* * * LOW HITPOINT WARNING * * *
The deep elf demonologist casts a spell.
The hellion gestures at you.
The sphere of damnation explodes!
The damnation engulfs you!!
You die...

.......
###...)...###
#.....#
##.2.4.##
##.###
###2### ##
##.## #...#
##.## #.###
##...# #.@..#
##...# #..###
#..### ##...#
##..#.#
#.....#
#.#.#.#
#.....# #


You could see a hellion (summoned).

Vanquished Creatures
  A deep elf master archer (Elf:3)
  Polyphemus (Shoals:3)
  Frances (Shoals:1)
  Kirke (Snake:1)
  7 nagarajas
  Donald (Shoals:1)
  A fire giant (D:15)
  3 deep elf sorcerers (Elf:3)
  5 deep elf elementalists (Elf:3)
  A stone giant (Orc:2)
  5 deep elf annihilators (Elf:3)
  3 deep elf demonologists (Elf:3)
  7 merfolk javelineers
  2 deep elf death magi (Elf:3)
  Josephine (D:15)
  7 merfolk impalers
  Erolcha (D:13)
  A deep elf high priest (Elf:3)
  4 boulder beetles
  14 naga warriors
  The ghost of Astroef the Spear-Bearer, a journeyman DsFi of Fedhas (D:12)
  6 vault guards (D:14)
  11 hydras
  5 anacondas
  4 merfolk aquamancers
  3 centaur warriors
  12 two-headed ogres
  4 merfolk avatars
  27 dancing weapons
  7 death yaks
  2 ogre magi
  An alligator snapping turtle (Shoals:2)
  An alligator (Lair:6)
  2 satyrs
  14 naga sharpshooters
  7 shock serpents
  14 deep elf knights
  A shadow wraith (D:12)
  A fire crab (Lair:4)
  2 salamander mystics (Snake:3)
  2 unseen horrors
  4 naga ritualists
  3 deep trolls
  8 sea snakes
  A lindwurm (Lair:5)
  13 deep elf archers
  An orc knight (Bailey)
  45 deep elf magi
  8 harpies
  A wolf spider zombie (D:14)
  The ghost of Tarl the Ruffian, a novice VSTm of Ashenzari (D:9)
  16 fauns
  3 ugly things
  2 orc sorcerers
  9 mana vipers
  12 manticores
  A moth of wrath (D:9)
  5 cyclopes
  8 salamanders
  12 elephants
  22 black mambas
  2 guardian serpents
  5 molten gargoyles (D:13)
  2 water nymphs
  8 merfolk sirens
  16 naga magi
  11 cane toads
  3 centaur skeletons
  The ghost of jestyr24 the Conjurer, a novice DrCj of Nemelex Xobeh (D:5)
  3 rime drakes
  4 kobold demonologists
  2 efreet
  18 komodo dragons
  10 trolls
  3 meliai (Lair:4)
  A queen bee (Lair:4)
  10 hornets
  21 merfolk
  2 wind drakes
  A wind drake (shapeshifter) (Elf:3)
  9 polar bears
  19 blink frogs
  7 slime creatures
  10 snapping turtles
  14 dream sheep
  Sigmund (D:3)
  A vampire (D:12)
  13 spriggans
  9 wraiths
  5 shadows
  47 yaks
  8 water elementals
  6 wyverns
  6 fire elementals
  2 humans (D:7)
  2 hogs (Snake:1)
  A yak (shapeshifter) (Elf:1)
  5 basilisks
  5 vampire mosquitoes
  A steam dragon (D:14)
  55 nagas
  A soldier ant (D:13)
  2 acid dragons
  A warg (Orc:2)
  19 water moccasins
  28 orc warriors
  3 ice beasts
  3 sky beasts
  13 black bears
  A phantom (D:8)
  29 wolves
  2 eyes of draining
  25 ogres
  6 boggarts
  12 centaurs
  5 big kobolds
  21 bullfrogs
  2 earth elementals (Elf:2)
  A water moccasin zombie (D:5)
  2 troll zombies (D:11)
  2 scorpions
  25 killer bees
  11 wights
  4 electric eels (Bailey)
  2 howler monkeys (D:11)
  6 centaur zombies
  14 orc priests
  A bullfrog zombie (D:8)
  7 hounds
  5 jellies
  4 bullfrog skeletons
  2 iguanas
  12 orc wizards
  Ijyb (D:4)
  9 worker ants
  3 hell rats (Lair:4)
  2 killer bee zombies
  6 ogre zombies (D:11)
  A hound zombie (D:6)
  A hound skeleton (D:8)
  A mummy (D:5)
  Robin (D:2)
  A howler monkey zombie (D:6)
  A worker ant zombie (D:6)
  19 adders
  9 gnolls
  4 shadow imps
  2 white imps
  2 oozes
  2 adder skeletons
  2 worms
  10 dart slugs
  12 leopard geckos
  69 orcs
  4 ball pythons
  8 bats
  4 giant cockroaches
  29 goblins
  23 hobgoblins
  14 jackals
  21 kobolds
  2 quokkas
  6 frilled lizards
  A goblin skeleton (D:11)
  A goblin zombie (D:11)
  4 hobgoblin skeletons (D:11)
  2 hobgoblin zombies (D:11)
  2 orc skeletons (D:11)
  15 orc zombies (D:11)
  A quokka skeleton (D:8)
  A quokka zombie (D:5)
  14 rats
  A bush (Lair:6)
  3 butterflies (Lair:2)
  A tentacle (Shoals:4)
1304 creatures vanquished.

Vanquished Creatures (collateral kills)
  A deep elf blademaster (Elf:2)
  2 nagarajas (Snake:4)
  2 merfolk javelineers (Shoals:4)
  A naga warrior (Snake:4)
  An ogre mage (Orc:2)
  2 vault guards (D:14)
  A merfolk avatar (Shoals:4)
  A death knight (D:15)
  A dancing weapon (Elf:2)
  2 merfolk aquamancers (Shoals:4)
  2 two-headed ogres (Orc:2)
  A shock serpent (Snake:4)
  2 deep elf knights
  2 naga sharpshooters (Snake:4)
  4 deep elf archers
  A faun (shapeshifter) (Elf:1)
  6 deep elf magi
  A cyclops (Orc:2)
  2 naga magi
  2 cane toads (Lair:4)
  A freezing wraith (D:12)
  A shadow (D:12)
  A water elemental (Shoals:4)
  A basilisk (Lair:4)
  A wraith (D:12)
  A steam dragon (D:12)
  3 nagas
  A water moccasin (Lair:4)
  An orc warrior (D:9)
  3 ogres (Orc:2)
  A boggart (D:15)
  4 hell rats (Lair:4)
  A tentacle (Shoals:4)
57 creatures vanquished.

Vanquished Creatures (others)
  A deep elf high priest (Elf:3)
  A dancing weapon (Elf:3)
  A merfolk aquamancer (Shoals:1)
  A deep elf knight (Elf:3)
  A deep elf mage (Elf:1)
  A merfolk siren (Shoals:1)
  A human (Snake:1)
  A gnoll (Bailey)
  4 bushes (Lair:6)
  36 fungi
  93 plants
  2 tentacles (Shoals:4)
143 creatures vanquished.

Grand Total: 1504 creatures vanquished

Notes
Turn   | Place    | Note
-------+----------+-------------------------------------------
     0 | D:1      | teolandon225 the Minotaur Berserker began the quest for the
                  | Orb.
     0 | D:1      | Reached XP level 1. HP: 19/19 MP: 0/0
   221 | D:1      | Reached XP level 2. HP: 14/27 MP: 1/1
   445 | D:1      | Reached skill level 4 in Axes
   503 | D:1      | Reached ** piety under Trog
   566 | D:1      | Reached XP level 3. HP: 33/33 MP: 2/2
  1011 | D:2      | Noticed Robin
  1015 | D:2      | Reached XP level 4. HP: 31/40 MP: 3/3
  1019 | D:2      | Killed Robin
  1415 | D:2      | Reached *** piety under Trog
  1421 | D:2      | Reached skill level 5 in Axes
  1730 | D:2      | Reached XP level 5. HP: 46/47 MP: 4/4
  1945 | D:2      | Noticed a moth of wrath
  1947 | D:2      | Found a bloodstained altar of Trog.
  2111 | D:3      | Found a faded altar of an unknown god.
  2588 | D:3      | Noticed Sigmund
  2602 | D:3      | Killed Sigmund
  2603 | D:3      | Reached XP level 6. HP: 55/55 MP: 5/5
  2606 | D:3      | Reached skill level 6 in Axes
  2617 | D:3      | Reached skill level 5 in Fighting
  3096 | D:4      | Noticed Ijyb
  3120 | D:4      | Killed Ijyb
  3507 | D:4      | Reached XP level 7. HP: 54/61 MP: 6/6
  3891 | D:5      | Entered Level 5 of the Dungeon
  3924 | D:5      | Found a runed translucent door.
  4004 | D:5      | Reached skill level 7 in Axes
  4016 | D:5      | Reached **** piety under Trog
  4157 | D:5      | Reached skill level 5 in Armour
  4440 | D:5      | Found a snail-covered altar of Cheibriados.
  4730 | D:5      | Reached XP level 8. HP: 66/70 MP: 7/7
  4901 | D:5      | Noticed jestyr24's ghost (novice DrCj)
  4917 | D:5      | Killed jestyr24's ghost
  4918 | D:5      | Reached skill level 8 in Axes
  4918 | D:5      | Reached skill level 5 in Dodging
  5008 | D:6      | Found Baritos's Antique Armour Shop.
  5242 | D:6      | Reached skill level 9 in Axes
  5270 | D:6      | Reached ***** piety under Trog
  5824 | D:7      | Got a pair of fine boots
  5829 | D:7      | Identified the +1 pair of boots "Sauploax" {Str+4} (You
                  | found it on level 7 of the Dungeon)
  5871 | D:7      | Found a staircase to the Ecumenical Temple.
  5879 | D:7      | Found a radiant altar of Vehumet.
  5894 | D:7      | Reached XP level 9. HP: 63/79 MP: 8/8
  5909 | D:7      | Found a flagged portal.
  5922 | Bailey   | Entered a bailey
  6016 | Bailey   | Found an iron altar of Okawaru.
  6016 | Bailey   | Noticed a kobold demonologist
  6016 | Bailey   | Noticed an orc sorcerer
  6028 | Bailey   | Killed a kobold demonologist
  6029 | Bailey   | Reached skill level 10 in Axes
  6035 | Bailey   | Killed an orc sorcerer
  6301 | Bailey   | Received a gift from Trog
  6445 | Bailey   | Noticed an orc knight
  6451 | Bailey   | Killed an orc knight
  6452 | Bailey   | Reached skill level 11 in Axes
  6503 | Bailey   | Reached XP level 10. HP: 74/90 MP: 3/9
  6516 | Bailey   | HP: 4/90 [electric eel/bolt of electricity (14)]
  6698 | Bailey   | Identified a +1 pair of boots of running (You found it in a
                  | bailey)
  6983 | D:7      | Found an iron altar of Okawaru.
  7444 | D:8      | Acquired a manual of Fighting
  7997 | D:9      | Reached skill level 12 in Axes
  8136 | D:9      | Reached skill level 10 in Fighting
  8138 | D:9      | Paralysed by a hornet for 1 turns
  8139 | D:9      | Received a gift from Trog
  8142 | D:9      | Got an iridescent broad axe {god gift}
  8142 | D:9      | Identified the +12 broad axe of Winter {flame, Int+4 Dex+5}
                  | (Trog gifted it to you on level 9 of the Dungeon)
  8281 | D:9      | Found a shimmering altar of Xom.
  8281 | D:9      | Found an ornate altar of the Wu Jian Council.
  8281 | D:9      | Found a sacrificial altar of Ru.
  8281 | D:9      | Found a shadowy altar of Dithmenos.
  8281 | D:9      | Found a blossoming altar of Fedhas.
  8283 | D:9      | Found a broken altar of Ashenzari.
  8284 | D:9      | Found a shimmering blue altar of Sif Muna.
  8373 | D:9      | Noticed a two-headed ogre
  8373 | D:9      | Noticed Tarl's ghost (novice VSTm)
  8374 | D:9      | Found a transporter.
  8374 | D:9      | Identified the +8 battleaxe of a ziggurat {vorpal, +Fly
                  | rElec Dex+4}
  8405 | D:9      | Noticed a cyclops
  8406 | D:9      | Found a bloodstained altar of Trog.
  8419 | D:9      | Found a transporter.
  8423 | D:9      | Noticed a deep troll
  8423 | D:9      | Noticed a moth of wrath
  8584 | D:9      | Got a translucent ring mail
  8595 | D:9      | Identified the +2 ring mail "Ipneok" {Str+2 Dex+3 Slay+3}
                  | (You found it on level 9 of the Dungeon)
  8759 | D:6      | Bought an ancient buckler for 313 gold pieces
  8759 | D:6      | Bought an embroidered hat for 231 gold pieces
  8770 | D:6      | Identified the cursed +0 buckler "Rollufuigi" {Str+2} (You
                  | bought it in a shop on level 6 of the Dungeon)
  9032 | D:9      | Killed a moth of wrath
  9035 | D:9      | Killed a cyclops
  9043 | D:9      | Killed a two-headed ogre
  9044 | D:9      | Killed Tarl's ghost
  9045 | D:9      | Reached XP level 11. HP: 42/104 MP: 10/10
  9146 | D:9      | Killed a deep troll
  9485 | D:8      | Got a tattered robe
  9495 | D:8      | Identified the +2 robe of Good Intentions {rF+} (You found
                  | it on level 8 of the Dungeon)
  9539 | D:10     | Entered Level 10 of the Dungeon
  9544 | D:10     | Reached skill level 13 in Axes
  9560 | D:10     | Noticed a sea snake
  9712 | D:10     | Found Qunat's Jewellery Boutique.
  9729 | D:10     | Noticed a death yak
  9731 | D:10     | Noticed a death yak
  9733 | D:10     | Noticed a death yak
  9737 | D:10     | Killed a death yak
  9743 | D:10     | Killed a death yak
  9746 | D:10     | Killed a death yak
  9747 | D:10     | Reached skill level 10 in Armour
  9781 | D:10     | Found a staircase to the Lair.
  9829 | D:10     | Noticed a sea snake
 10406 | D:11     | Received a gift from Trog
 10503 | D:11     | Noticed a brown ugly thing
 10506 | D:11     | Noticed a green ugly thing
 10509 | D:11     | Killed a brown ugly thing
 10510 | D:11     | Reached skill level 14 in Axes
 10516 | D:11     | Killed a green ugly thing
 10676 | D:11     | Killed an unseen horror
 10677 | D:11     | Reached XP level 12. HP: 101/118 MP: 11/11
 10695 | D:11     | Found a staircase to the Orcish Mines.
 10839 | D:11     | Reached skill level 15 in Fighting
 10965 | D:12     | Reached ****** piety under Trog
 11024 | D:12     | Received a gift from Trog
 11030 | D:12     | Noticed a four-headed hydra
 11037 | D:12     | Killed a two-headed hydra
 11337 | D:12     | Found a blossoming altar of Fedhas.
 11382 | D:12     | Reached skill level 10 in Dodging
 11382 | D:12     | Noticed a six-headed hydra
 11386 | D:12     | Killed a four-headed hydra
 11387 | D:12     | Reached skill level 1 in Shields
 11517 | D:12     | Found a runed translucent gate.
 11517 | D:12     | Found a runed translucent gate.
 11519 | D:12     | Noticed Astroef's ghost (journeyman DsFi)
 11520 | D:12     | Found a runed translucent gate.
 11532 | D:12     | Reached skill level 15 in Axes
 11533 | D:12     | Killed Astroef's ghost
 11540 | D:12     | Got a crude cloak
 11557 | D:12     | Identified the +0 cloak "Sucsit" {rPois Int+4} (You found
                  | it on level 12 of the Dungeon)
 11878 | Lair:1   | Entered Level 1 of the Lair of Beasts
 12712 | Lair:2   | Reached XP level 13. HP: 130/130 MP: 12/12
 12860 | Lair:2   | Received a gift from Trog
 13797 | Lair:3   | Found a staircase to the Shoals.
 13863 | Lair:3   | Found a staircase to the Snake Pit.
 13987 | Lair:3   | Reached skill level 16 in Axes
 14584 | Lair:4   | Received a gift from Trog
 15002 | Lair:4   | Found a snail-covered altar of Cheibriados.
 15029 | Lair:4   | Got a shimmering iron ring
 15030 | Lair:4   | Identified the ring of Fuen {rC+ Str+3 Dex+6} (You found it
                  | on level 4 of the Lair of Beasts)
 15699 | Lair:5   | Reached XP level 14. HP: 143/143 MP: 13/13
 16610 | Lair:6   | Entered Level 6 of the Lair of Beasts
 16645 | Lair:6   | Reached skill level 17 in Axes
 16647 | Lair:6   | Found a staircase to the Slime Pits.
 16655 | Lair:6   | Received a gift from Trog
 17798 | Lair:6   | Received a gift from Trog
 18187 | Lair:6   | Reached skill level 18 in Axes
 18685 | D:13     | Reached XP level 15. HP: 152/152 MP: 14/14
 19127 | D:13     | Noticed Erolcha
 19131 | D:13     | Killed Erolcha
 20099 | D:14     | Found a gate to the Vaults.
 20305 | D:14     | Found a sacrificial altar of Ru.
 20418 | D:15     | Entered Level 15 of the Dungeon
 20430 | D:15     | Found a staircase to the Depths.
 20433 | D:15     | Noticed a fire giant
 20435 | D:15     | Received a gift from Trog
 20584 | D:15     | Noticed Josephine
 20591 | D:15     | Killed Josephine
 20828 | D:15     | Reached skill level 19 in Axes
 20942 | D:15     | Found Bireodip's Antique Weapon Emporium.
 21017 | D:15     | Killed a fire giant
 21551 | Snake:1  | Entered Level 1 of the Snake Pit
 21807 | Snake:1  | Reached XP level 16. HP: 165/165 MP: 15/15
 21812 | Snake:1  | Received a gift from Trog
 21934 | Snake:1  | Noticed Kirke
 21942 | Snake:1  | Killed Kirke
 22247 | Snake:1  | Found Ludas's Gadget Shoppe.
 22249 | Snake:1  | Found Faamurap's Jewellery Boutique.
 22250 | Snake:1  | Found Heckaax's Gadget Shoppe.
 23230 | Snake:2  | Found Ili Giorch's Book Emporium.
 24277 | Snake:3  | Reached skill level 20 in Axes
 24581 | Snake:3  | Received a gift from Trog
 24942 | Snake:3  | Reached skill level 15 in Armour
 25473 | Snake:3  | Found Sadesua's Armour Shop.
 25477 | Snake:3  | Found Pyd Bil's General Store.
 25816 | Snake:4  | Entered Level 4 of the Snake Pit
 25986 | Snake:4  | Reached XP level 17. HP: 40/173 MP: 6/16
 27457 | Snake:4  | Reached skill level 21 in Axes
 27663 | Snake:4  | Got a serpentine rune of Zot
 27885 | Shoals:1 | Entered Level 1 of the Shoals
 28112 | Shoals:1 | Noticed Frances
 28123 | Shoals:1 | Killed Frances
 28449 | Shoals:1 | Noticed Donald
 28459 | Shoals:1 | Killed Donald
 29145 | Shoals:2 | Received a gift from Trog
 29283 | Shoals:2 | Noticed Roxanne
 29967 | Shoals:3 | Found Qase's Book Shoppe.
 30234 | Shoals:3 | Noticed Polyphemus
 30238 | Shoals:3 | Reached skill level 15 in Dodging
 30525 | Shoals:3 | Killed Polyphemus
 31762 | Shoals:4 | Entered Level 4 of the Shoals
 31776 | Shoals:4 | Reached skill level 1 in Stealth
 31879 | Shoals:3 | Received a gift from Trog
 32261 | Shoals:4 | Reached XP level 18. HP: 144/182 MP: 17/17
 32732 | Shoals:4 | Reached skill level 22 in Axes
 33006 | Shoals:4 | Got a barnacled rune of Zot
 33783 | Shoals:4 | Received a gift from Trog
 34177 | Orc:1    | Entered Level 1 of the Orcish Mines
 34582 | Orc:2    | Entered Level 2 of the Orcish Mines
 34599 | Orc:2    | Found a staircase to the Elven Halls.
 34825 | Orc:2    | Found a roughly hewn altar of Beogh.
 34871 | Orc:2    | Found Hacarur's Magic Scroll Shoppe.
 34871 | Orc:2    | Found Foewuel's General Store.
 34909 | Orc:2    | Received a gift from Trog
 34992 | Orc:2    | Found Goapa's Book Boutique.
 35002 | Orc:2    | Bought a scroll of identify for 22 gold pieces
 35002 | Orc:2    | Bought 2 potions of curing for 66 gold pieces
 35010 | Orc:2    | Found Weer's General Store.
 35014 | Orc:2    | Bought a scroll of acquirement for 624 gold pieces
 35015 | Orc:2    | Acquired 1322 gold pieces
 35025 | Orc:2    | Bought a potion of haste for 160 gold pieces
 35025 | Orc:2    | Bought a scroll of teleportation for 48 gold pieces
 35456 | Shoals:3 | Bought a manual of Stealth for 1545 gold pieces
 35637 | Elf:1    | Entered Level 1 of the Elven Halls
 35914 | Elf:1    | Reached skill level 5 in Stealth
 36861 | Elf:2    | Found a large runed translucent door.
 36861 | Elf:2    | Found a large runed translucent door.
 36890 | Elf:2    | Found a large runed translucent door.
 36890 | Elf:2    | Found a large runed translucent door.
 36939 | Elf:2    | Received a gift from Trog
 36942 | Elf:2    | Got a fading battleaxe {god gift}
 36943 | Elf:2    | Identified the +3 battleaxe "Baugo" {vorpal, +Rage +Inv
                  | Str-5 Int+3} (Trog gifted it to you on level 2 of the Elven
                  | Halls)
 37311 | Elf:2    | Reached XP level 19. HP: 158/191 MP: 18/18
 38219 | Elf:2    | Received a gift from Trog
 38386 | Elf:3    | Entered Level 3 of the Elven Halls
 38461 | Elf:3    | Reached skill level 23 in Axes
 39333 | Elf:3    | Received a gift from Trog
 39582 | Elf:3    | Identified the ring "Quynt" {*Corrode rN+ Will+++ MP+9
                  | Int+3}
 39594 | Elf:3    | Identified the +8 great sword "Sicsusi" {antimagic, +Blink
                  | rPois rF+ MP-9}
 39624 | Elf:3    | Killed from afar by a hellion

Illustrated notes

Levels and vault maps discovered:
D:1:      dpeg_arrival_lava_altar, layout_rooms, grunt_decor_mini_mirrors
D:2:      layout_loops_ring, tgw_trog, serial_aquarium, aquarium_bridge_square
          [aquarium_subvault_window, aquarium_subvault_bridge,
          aquarium_subvault_bridge, aquarium_subvault_bridge],
          aquarium_bridge_square [aquarium_subvault_bridge,
          aquarium_subvault_wall, aquarium_subvault_bridge,
          aquarium_subvault_bridge], aquarium_window_1, aquarium_window_corner,
          aquarium_window_2, aquarium_view_2a, aquarium_balcony_5b,
          aquarium_pool_2, amethyst_killhole, chequers_decorated_corner,
          serial_park_tiny_pond, uniq_robin
D:3:      layout_basic, chequers_ecumenical_altar_simple, solitary_fountain,
          uniq_sigmund
D:4:      kennysheep_the_goblin_king, layout_rooms
D:5:      kennysheep_slugbush, layout_loops_ring, ebering_ghost_sewer_d,
          chei_slow_surprise
D:6:      layout_basic, serial_shops, nicolae_shop_behind_doors
D:7:      layout_loops_ring, fiery_altar_vehumet, minmay_temple_entry_waves,
          enter_bailey_5, okawaru_humans
D:8:      layout_basic
D:9:      layout_roguey, grunt_temple_overflow_open,
          gammafunk_ghost_wrathful_warriors, hangedman_pestilent_swarm
D:10:     layout_roguey, dpeg_lair_monsters, serial_shops, shop,
          serial_aquarium, aquarium_bridge_long_separate
          [aquarium_subvault_bridge, aquarium_subvault_bridge,
          aquarium_subvault_wall, aquarium_subvault_wall,
          aquarium_subvault_wall, aquarium_subvault_bridge],
          aquarium_bridge_island_small [aquarium_subvault_small_water,
          aquarium_subvault_bridge, aquarium_subvault_wall,
          aquarium_subvault_bridge, aquarium_subvault_window],
          aquarium_window_fake, aquarium_window_corner, aquarium_window_2,
          aquarium_window_fake, aquarium_view_4, minmay_fountain_box
D:11:     layout_rooms, zombieorc2_lemuel
D:12:     layout_loops_ring, gammafunk_ghost_spectres, special_room
          [special_room_orc], fedhas_altar_fruit_tree
D:13:     cheibrodos_statue_roulette, layout_loops_corners, uniq_erolcha
D:14:     layout_small_grid, erik_vaults_2, nicolae_ru_the_path_less_chosen,
          hangedman_decor_riveting, corexii_hall_statues_s,
          kennysheep_generic_room_12
D:15:     grunt_enter_depths_giant_problem, layout_basic, serial_aquarium,
          aquarium_bridge_long_joined [aquarium_subvault_wall,
          aquarium_subvault_window, aquarium_subvault_bridge,
          aquarium_subvault_wall, aquarium_subvault_window,
          aquarium_subvault_window], aquarium_window_1, aquarium_window_1,
          aquarium_window_1, aquarium_view_2f, aquarium_balcony_1b,
          aquarium_pool_1, serial_shops, nicolae_shop_stone,
          minmay_misc_feat_cross, uniq_josephine
Lair:1:   layout_regular_city, grunt_megastairs_5, serial_bayou_shore_b,
          minmay_lair_oklob_chamber, lemuel_fruit_tree
Lair:2:   layout_cave_pods, chequers_serial_rivers_large_b, beast_lair_carwin_5,
          lemuel_fruit_fields
Lair:3:   layout_chaotic_city, elwin_shoals_entry_rocks,
          minmay_snake_entry_six_corridors, st_stairs_9
Lair:4:   layout_roguey, special_room [special_room_bee], basic_altar
Lair:5:   layout_layer_cave, minivault_27, forest_entry_grove
Lair:6:   minmay_lair_end_enchanted_forest, layout_loops_ring,
          minmay_slime_entry_pillars, minmay_shattered_shrine
Shoals:1: layout_shoals, nicolae_shoals_loop_pool, uniq_donald, uniq_frances
Shoals:2: layout_shoals, uniq_roxanne
Shoals:3: layout_shoals, serial_shops, nicolae_shop_statue_plus, uniq_polyphemus
Shoals:4: shoals_end_simple, layout_shoals
Snake:1:  layout_onion, st_stairs_13, grunt_megastairs_4, serial_bayou_shore_b,
          minmay_shop_grove, uniq_kirke
Snake:2:  layout_grid_maze, serial_shops, shop
Snake:3:  layout_grid_maze, drop_trap, minmay_shoptagon
Snake:4:  minmay_snake_end_coiled, layout_rooms
Orc:1:    layout_caves, statue_in_the_mist_lemuel
Orc:2:    st_orc_open, layout_diamond_mine, basic_altar
Elf:1:    eino_elf_arrival_customs, layout_geoelf_grid,
          hangedman_corner_corridor
Elf:2:    layout_onion_city
Elf:3:    minmay_elf_hall_hex, layout_geoelf_grid, serial_glass,
          glass_columns_a, glass_columns_a

Skill      XL: |  1  2  3  4  5  6  7  8  9 10 11 12 13 14 15 16 17 18 19 |
---------------+----------------------------------------------------------+-----
Axes           | 4 5 6 7 9 11 12 14 15 16 18 19 20 21 22 23 | 23.2
Fighting       | 4 5 6 7 8 11 14 16 18 19 20 21 22 | 22.3
Armour         | 3 4 5 6 8 9 10 11 12 13 14 15 16 17 | 17.4
Dodging        | 3 4 6 7 8 9 10 11 12 13 14 15 17 18 | 18.4
Shields        | 3 4 |  4.0
Stealth        | 1 6 9 |  9.6

Action                   |  1- 3 |  4- 6 |  7- 9 | 10-12 | 13-15 | 16-18 | 19-21 || total
-------------------------+-------+-------+-------+-------+-------+-------+-------++-------
Melee: Hand axe          |    64 |   146 |    15 |       |       |       |       ||   225
       Headbutt          |     6 |    27 |    39 |    88 |   145 |   195 |    30 ||   530
       Battleaxe         |       |       |   156 |       |       |   578 |   125 ||   859
       Executioner's axe |       |       |    19 |    99 |       |       |       ||   118
       Broad axe         |       |       |       |   236 |   541 |   105 |       ||   882
Invok: Berserk           |     5 |     6 |     9 |     9 |     7 |    17 |     3 ||    56
       Trog's Hand       |       |     1 |       |     2 |     4 |    14 |     4 ||    25
       Brothers in Arms  |       |       |       |     2 |     3 |    12 |     4 ||    21
Evoke: Wand              |       |       |       |     1 |       |       |       ||     1
  Use: Potion            |       |     3 |       |     4 |     3 |     5 |     3 ||    18
       Scroll            |       |       |    16 |    10 |     9 |    14 |     7 ||    56
 Stab: Sleeping          |       |     1 |       |     9 |     3 |     4 |     5 ||    22
       Distracted        |       |       |       |       |     1 |     2 |       ||     3
       Held in net/web   |       |       |       |       |       |     1 |       ||     1
Armor: Animal skin       |    12 |    18 |       |       |       |       |       ||    30
       Ring mail         |       |     5 |    43 |    63 |   104 |   187 |    28 ||   430
       Chain mail        |       |       |       |       |     7 |       |       ||     7
Dodge: Dodged            |    43 |    80 |   166 |   272 |   426 |   844 |   127 ||  1958
Block: Buckler           |       |       |       |    50 |   154 |    33 |       ||   237

Table legend: (Time is in decaauts)
 A = Elapsed time spent in this place.
 B = Non-inter-level travel time spent in this place.
 C = Inter-level travel time spent in this place.
 D = Time resting spent in this place.
 E = Time spent auto-exploring this place.
 F = Levels seen in this place.
 G = Mean time per level.
                   A        B        C        D        E       F      G
               +--------+--------+--------+--------+--------+-----+--------+
         Total |  40265 |  37173 |   3092 |   6374 |  21996 |  35 | 1150.4 |
       Dungeon |  14441 |  12904 |   1537 |   1390 |   7825 |  15 |  962.7 |
          Lair |   6841 |   6306 |    535 |    224 |   4856 |   6 | 1140.2 |
        Shoals |   6573 |   6149 |    424 |   2063 |   2884 |   4 | 1643.2 |
     Snake Pit |   6249 |   5881 |    368 |   1511 |   3397 |   4 | 1562.2 |
  Orcish Mines |   1135 |   1040 |     95 |      0 |    856 |   2 |  567.5 |
   Elven Halls |   3989 |   3858 |    131 |    769 |   2090 |   3 | 1329.7 |
        Bailey |   1035 |   1035 |      0 |    415 |     87 |   1 | 1035.0 |
               +--------+--------+--------+--------+--------+-----+--------+

Top non-repeatable levels by time:
 Snake:3: 2347 daAuts
Shoals:3: 2190 daAuts
   Elf:2: 2000 daAuts
  Lair:6: 1741 daAuts
 Snake:2: 1716 daAuts
Shoals:2: 1548 daAuts
Shoals:4: 1541 daAuts
Shoals:1: 1293 daAuts
 Snake:4: 1280 daAuts
     D:2: 1277 daAuts
  Lair:2: 1261 daAuts
     D:4: 1230 daAuts
  Lair:4: 1198 daAuts
     D:9: 1122 daAuts
     D:6: 1101 daAuts
